 Dungeon Crawl Stone Soup version 0.27.0-1-g7a089689b8 (webtiles) character file.

Game seed: 1047655132320066286

4 Brandom the Caller (level 1, 0/13 HPs)
             Began as a Merfolk Wanderer on Aug 11, 2021.
             Slain by a rat (1 damage)
             ... on level 2 of the Dungeon.
             The game lasted 00:00:57 (60 turns).

Brandom the Caller (Merfolk Wanderer)                 Turns: 60, Time: 00:00:57

Health: 0/13       AC:  2    Str: 12    XL:     1   Next: 70%
Magic:  1/1        EV: 11    Int: 10    God:
Gold:   9          SH:  0    Dex: 14    Spells: 0/0 levels left

rFire    . . .     SeeInvis .   a - +0 dagger
rCold    . . .     Faith    .   (no shield)
rNeg     . . .     Spirit   .   b - +0 robe
rPois    .         Reflect  .   (no helmet)
rElec    .         Harm     .   (no cloak)
rCorr    .         Rampage  .   (no gloves)
Will     .....                  (no boots)
Stlth    ++........             (no amulet)
HPRegen  0.04/turn              (no ring)
MPRegen  0.07/turn              (no ring)

@: no status effects
A: (nimble swimmer 2), mertail
a: no special abilities


You were on level 2 of the Dungeon.
You visited 1 branch of the dungeon, and saw 2 of its levels.

You collected 9 gold pieces.

Inventory:

Hand Weapons
 a - a +0 dagger (weapon)
Armour
 b - a +0 robe (worn)
Potions
 c - a potion of curing {@q1}


   Skills:
 + Level 0.1 Fighting
 + Level 1.0 Axes
 + Level 1.4 Armour
 + Level 0.5 Dodging
 + Level 2.3 Stealth
 + Level 4.0 Summonings
 + Level 1.0 Translocations


You couldn't memorise any spells.
You knew the following spells:

 Your Spells              Type           Power      Damage    Failure   Level
a - Magic Dart            Conj           0%         1d3       36%         1

Your spell library contained the following spells:

 Spells                   Type           Power      Damage    Failure   Level
 Call Imp                 Summ           8%         N/A       11%         2
 Blink                    Tloc           N/A        N/A       36%         2
 Corpse Rot               Necr/Air       N/A        N/A       50%         2
 Poisonous Vapours        Pois/Air       0%         N/A       50%         2
 Slow                     Hex            0%         N/A       50%         2
 Conjure Flame            Conj/Fire      0%         6-21      75%         3
 Mephitic Cloud           Conj/Pois/Air  0%         N/A       75%         3


Dungeon Overview and Level Annotations

Branches:
Dungeon (2/15)

Altars:

Shops:
D:1 :


Innate Abilities, Weirdness & Mutations

((You are quick and stealthy near water. (Stealth+, EV+, Speed+++)))
Your lower body shifts to a powerful aquatic tail in water.


Message History

Unknown command.
A rat is nearby!
The helpless rat fails to defend itself.
You puncture the rat!
You kill the rat!
No target in view!
No target in view!
An endoplasm comes into view.
Found Nacwogos's Book Boutique.
Found an escape hatch in the floor.
A hobgoblin comes into view.
The helpless endoplasm fails to defend itself.
You puncture the endoplasm!
You kill the endoplasm!
There is an entrance to Nacwogos's Book Boutique here.
The helpless hobgoblin fails to defend itself.
You puncture the hobgoblin!
You kill the hobgoblin!
There is an entrance to Nacwogos's Book Boutique here.
Unknown command.
Unknown command.
There is an escape hatch in the floor here.
Really go through this one-way escape hatch?
You slide downwards.
The hatch slams shut behind you.
A bat, a rat, a quokka and a giant cockroach come into view.
Found four items.
Found a stone staircase leading down and a stone staircase leading up.
Unknown command.
A goblin comes into view. It is wielding a +0 dagger.
The goblin shouts!
You hear an angry hiss.
The bat barely misses you.
A worm and a dart slug come into view.
The bat hits you but does no damage.
The quokka bites you but does no damage.
The giant cockroach barely misses you. The bat hits you but does no damage.
The bat hits you but does no damage.
A frilled lizard comes into view.
The quokka barely misses you.
The giant cockroach bites you but does no damage.
The bat hits you but does no damage. The giant cockroach barely misses you.
The quokka bites you. x2; The giant cockroach misses you.
The quokka bites you.
* * * LOW HITPOINT WARNING * * *
The giant cockroach bites you.
* * * LOW HITPOINT WARNING * * *
The bat hits you but does no damage. The quokka closely misses you.
The giant cockroach bites you.
* * * LOW HITPOINT WARNING * * *
The rat bites you.
You die...

. .... ....
..... .w....
###
######......
....#.....##
......b.r..##
...l..r@....#
......gB....#
..?..[....>.#
....w..........
.........?<....
....?.......###
...........##
....#.....##


You could see a worm, a dart slug, a quokka, a giant cockroach, a goblin, a bat,
a frilled lizard and a rat.

Vanquished Creatures
  2 endoplasms (D:1)
  A hobgoblin (D:1)
  A rat (D:1)
4 creatures vanquished.

Notes
Turn   | Place    | Note
-------+----------+-------------------------------------------
     0 | D:1      | Brandom the Merfolk Wanderer began the quest for the Orb.
     0 | D:1      | Brandom set off with the following items: a +0 dagger, a +0
                  | robe, a potion of curing {@q1}; and the following spell
                  | memorised: Magic Dart; and the following spells available
                  | to memorise: Call Imp, Blink, Corpse Rot, Poisonous
                  | Vapours, Slow, Conjure Flame, Mephitic Cloud
     0 | D:1      | Reached XP level 1. HP: 13/13 MP: 1/1
    30 | D:1      | Found Nacwogos's Book Boutique.
    60 | D:2      | Slain by a rat

Illustrated notes

Levels and vault maps discovered:
D:1:      onia_arrival_handbag, layout_loops_cross,
          shapermc_ecumenical_altar_rom_forum, serial_shops, shop
D:2:      layout_rooms

Action                   || total
-------------------------++-------
Melee: Dagger            ||     4
 Stab: Sleeping          ||     4
Armor: Robe              ||     7
Dodge: Dodged            ||     6
